 Dungeon Crawl Stone Soup version 0.29.0-5-ge4962eb29e (webtiles) character file.

Game seed: 14693398039930395011

37 iguanaiguana the Stinger (level 3, -9/26 HPs)
             Began as a Demigod Venom Mage on Aug 30, 2022.
             Killed by divine providence
             ... invoked by an orc priest
              (10 damage)
             ... on level 3 of the Dungeon.
             The game lasted 00:06:59 (890 turns).

iguanaiguana the Stinger (Demigod Venom Mage)        Turns: 890, Time: 00:07:00

Health: -9/26      AC:  4    Str:  9    XL:     3   Next: 8%
Magic:  3/17       EV: 12    Int: 21    God:
Gold:   86         SH:  0    Dex: 14    Spells: 2/5 levels left

rFire   + . .      SeeInvis .   l - +0 dagger
rCold   + . .      Faith    .   (no shield)
rNeg    . . .      Spirit   .   a - +0 robe
rPois   +          Reflect  .   k - +0 helmet
rElec   +          Harm     .   (no cloak)
rCorr   +          Rampage  .   f - +0 pair of gloves
Will    .....                   (no boots)
Stlth   ++........              (no amulet)
HPRegen 0.08/turn               p - ring of magical power
MPRegen 0.15/turn               (no ring)

@: resistant, attractive, flying
A: high MP 1, forlorn, divine attributes
a: no special abilities


You were on level 3 of the Dungeon.
You visited 1 branch of the dungeon, and saw 3 of its levels.

You collected 86 gold pieces.

Inventory:

Hand Weapons
 h - a +0 whip
 i - a +0 short sword
 l - a +0 dagger (weapon)
 s - a +0 trident
Missiles
 c - 10 poisoned darts
 j - 2 boomerangs
Armour
 a - a +0 robe (worn)
 f - a +0 pair of gloves (worn)
 k - a +0 helmet (worn)
Jewellery
 p - a ring of magical power (left hand)
Wands
 n - a wand of flame (6)
Scrolls
 g - a scroll of summoning {unknown}
 q - 2 scrolls of identify {unknown}
 r - a scroll of teleportation {unknown}
Potions
 b - a potion of magic
 e - 2 potions of flight


   Skills:
 - Level 1.7 Dodging
 - Level 1.7 Stealth
 - Level 1.7 Spellcasting
 - Level 0.8 Transmutations
 + Level 4.0 Poison Magic


You had 2 spell levels left.
You knew the following spells:

 Your Spells              Type           Power      Damage    Failure   Level
a - Sting                 Tmut/Pois      48%        1d5       5%          1
b - Poisonous Vapours     Pois/Air       20%        N/A       10%         2

Your spell library contained the following spells:

 Spells                   Type           Power      Damage    Failure   Level
 Mephitic Cloud           Conj/Pois/Air  7%         N/A       26%         3
 Olgreb's Toxic Radiance  Pois           18%        N/A       28%         4
 Gell's Gravitas          Tloc           1%         N/A       41%         3
 Teleport Other           Tloc           1%         N/A       41%         3
 Dispersal                Tloc           0%         N/A       100%        6


Dungeon Overview and Level Annotations

Branches:
Dungeon (3/15) Zot: 17101


Innate Abilities, Weirdness & Mutations

You have an increased reservoir of magic. (+10% MP)
You shall have no god before yourself.
Your divine heritage dramatically boosts your attributes as you level up.


Message History

It was a potion of resistance.
You feel protected.
It was a potion of curing.
You feel better.
The orc priest hits you with a +0 flail.
* * * LOW HITPOINT WARNING * * *
Casting: Sting (safe; 5% risk of failure)
Confirm with . or Enter, or press ? or * to list all spells.
Aiming: Sting (safe; 5% risk of failure)
Press: ? - help, Shift-Dir - straight line, f - orc priest
Aim: an orc priest, wielding a +0 flail (71% to hit)
The sting hits the orc priest.
The orc priest is poisoned.
The orc priest is moderately wounded.
The orc priest hits you with a +0 flail.
* * * LOW HITPOINT WARNING * * *
Casting: Sting (safe; 5% risk of failure)
Confirm with . or Enter, or press ? or * to list all spells.
Aiming: Sting (safe; 5% risk of failure)
Press: ? - help, Shift-Dir - straight line, f/p - orc priest
Aim: an orc priest, wielding a +0 flail (moderately wounded, poisoned, 71% to hit)
The sting misses the orc priest.
The orc priest looks satisfied for a moment.
Casting: Sting (safe; 5% risk of failure)
Confirm with . or Enter, or press ? or * to list all spells.
Aiming: Sting (safe; 5% risk of failure)
Press: ? - help, Shift-Dir - straight line, f/p - orc priest
Aim: an orc priest, wielding a +0 flail (moderately wounded, poisoned, 71% to hit)
The sting hits the orc priest.
The orc priest looks even sicker.
The orc priest is heavily wounded.
The orc priest hits you with a +0 flail.
* * * LOW HITPOINT WARNING * * *
Casting: Sting (safe; 5% risk of failure)
Confirm with . or Enter, or press ? or * to list all spells.
Aiming: Sting (safe; 5% risk of failure)
Press: ? - help, Shift-Dir - straight line, f/p - orc priest
Aim: an orc priest, wielding a +0 flail (heavily wounded, very poisoned, 71% to hit)
The sting hits the orc priest.
The orc priest looks even sicker.
The orc priest is severely wounded.
The orc priest calls down the wrath of Beogh upon you.
Beogh smites you!
You die...

#.....................#
#.......†.............#
#.....................#
#.....................#########
#..............................
###..............................
.................................
...............###.####..........
....##########..@o..####...####..
...............###...# #...# ...
...............####..###...###...
.........................).....[.
##.................#.#########...
#..................... $...
#.................#.## ....
#.................#.#
#.................#.###


You could see an orc priest (very poisoned).

Vanquished Creatures
  2 dart slugs
  2 orcs (D:3)
  5 endoplasms
  A giant cockroach (D:3)
  3 goblins
  A hobgoblin (D:3)
  2 jackals (D:1)
  2 kobolds
  3 quokkas
  4 bats
  A frilled lizard (D:3)
26 creatures vanquished.

Vanquished Creatures (others)
  2 plants (D:1)
2 creatures vanquished.

Grand Total: 28 creatures vanquished

Notes
Turn   | Place    | Note
-------+----------+-------------------------------------------
     0 | D:1      | iguanaiguana the Demigod Venom Mage began the quest for the
                  | Orb.
     0 | D:1      | Reached XP level 1. HP: 14/14 MP: 5/5
   120 | D:1      | Reached skill level 3 in Poison Magic
   297 | D:1      | Reached XP level 2. HP: 14/20 MP: 0/7
   665 | D:3      | Learned a level 2 spell: Poisonous Vapours
   826 | D:3      | Reached XP level 3. HP: 16/26 MP: 2/8
   882 | D:3      | Reached skill level 4 in Poison Magic
   889 | D:3      | HP: 1/26 [orc priest/+0 flail (4)]
   890 | D:3      | Killed from afar by an orc priest

Illustrated notes

Levels and vault maps discovered:
D:1:      ebering_trefoil_3fold, layout_basic,
          dreamdust_ecumenical_altar_statues, serial_bayou_lake_a
D:2:      layout_loops_corners, kennysheep_generic_room_13
D:3:      layout_basic, tgw_kikubaaqudgha

Skill      XL: |  1  2  3 |
---------------+----------+-----
Poison Magic   | 3 4 |  4.0
Dodging        | |  1.7
Stealth        | |  1.7
Spellcasting   | |  1.7
Transmutations | |  0.8

Action                   || total
-------------------------++-------
Melee: Unarmed           ||    12
       Dagger            ||    16
 Cast: Sting             ||    51
  Use: Potion            ||     4
Armor: Robe              ||    16
Dodge: Dodged            ||    37
